 Dungeon Crawl Stone Soup version 0.13.1-2-gfb2c2b7 (webtiles) character file.

180 Lilouch the Skirmisher (level 3, -1/28 HPs)
             Began as a Demonspawn Chaos Knight on Dec 9, 2013.
             Was a Plaything of Xom.
             Slain by a worm (9 damage)
             ... on Level 2 of the Dungeon.
             The game lasted 00:02:46 (1419 turns).

Lilouch the Skirmisher (Demonspawn Chaos Knight)    Turns: 1419, Time: 00:02:46

HP  -1/28        AC  4     Str 13      XL: 3   Next:  3%
MP   3/3         EV 11     Int 13      God: Xom
Gold 150         SH  0     Dex 12      Spells:  0 memorised,  2 levels left

Res.Fire  : . . .   See Invis. : .   a - +0 spear (chaos) {=f}
Res.Cold  : . . .   Warding    : .   q - +0 robe (curse)
Life Prot.: . . .   Conserve   : .   (no shield)
Res.Poison: .       Res.Corr.  : +   (helmet restricted)
Res.Elec. : .       Clarity    : .   (no cloak)
Sust.Abil.: . .     Spirit.Shd : .   (no gloves)
Res.Mut.  : .       Stasis     : .   (no boots)
Res.Rott. : .       Flight     : .   m - amulet of resist corrosion {unknown}
Saprovore : . . .                    (no ring)
                                     (no ring)

@: not resistant to hostile enchantments, unstealthy
A: antennae 1, AC +2
a: Renounce Religion


You were on level 2 of the Dungeon.
You worshipped Xom.
You were a toy of Xom.
You were hungry.

You visited 1 branch of the dungeon, and saw 2 of its levels.

You collected 130 gold pieces.

Inventory:

Hand weapons
 a - a +0,+0 spear of chaos (weapon) {=f}
Missiles
 p - 6 arrows of dispersal
Armour
 b - a +2 leather armour
 q - a cursed +0 robe (worn)
Comestibles
 c - 4 bread rations
 d - an apple
 g - a honeycomb
 i - a rotting chunk of giant gecko flesh
Scrolls
 e - a scroll of curse weapon {unknown}
 h - 3 scrolls of remove curse {unknown}
 l - a scroll of amnesia {unknown}
 n - a scroll of teleportation {unknown}
 s - 2 scrolls of identify {unknown}
Jewellery
 m - an amulet of resist corrosion (around neck) {unknown}
Potions
 f - 3 potions of curing {unknown}
 j - a potion of mutation {unknown}
 o - a potion of might {unknown}
 r - a potion of speed {unknown}


   Skills:
 + Level 3.6 Fighting
 + Level 3.0 Polearms
 + Level 2.2 Armour
 - Level 0.8 Dodging


You had 2 spell levels left.
You didn't know any spells.

Dungeon Overview and Level Annotations

Branches:
Dungeon (2/27)

Altars:


Innate Abilities, Weirdness & Mutations

You have a pair of small antennae on your head.
You are partially covered in thin metallic scales (AC +2).


Message History

The worm is moderately wounded.
The worm bites you.
The helpless worm fails to defend itself.
You hit the worm but do no damage.
The worm is moderately wounded.
Attack whom?
Press: ? - help, Dir - move target cursor, f - worm, p - worm
Aim: a worm You reach to attack!
You hit the worm.
The worm flickers and vanishes!
Deactivating autopickup; reactivate with Ctrl-A.
You hit it. It bites you.
You hit it. You completely miss it.
The worm is no longer petrified.
It bites you but does no damage.
You closely miss it. You hit it. It bites you.
You hit it.
Nothing appears to happen.
It bites you!
* * * LOW HITPOINT WARNING * * *
You hit it. It bites you!
You die...

####.###.............
#.........).%..##. .
########...).....##.
...####......#.........##.
........................%.
...#....#.......#.#######.
.........#.........# #.
.........####.######### ##
........w.@............
###.....###.##########
......... #.# ###+...##
#.# #.## #.# . ##### #.
#.# .. #.... #. #.# #
#.###.#.# #.# ##.# ......#
#.#......##.##.#


You could see a worm.

Vanquished Creatures
  4 giant geckos
  A giant cockroach (D:2)
  4 hobgoblins
  A kobold (D:1)
  2 bats (D:2)
  3 giant newts
  6 goblins
  5 rats
26 creatures vanquished.

Notes
Turn   | Place    | Note
--------------------------------------------------------------
     0 | D:1      | Lilouch, the Demonspawn Chaos Knight, began the quest for the Orb.
     0 | D:1      | Reached XP level 1. HP: 16/16 MP: 1/1
   296 | D:1      | XOM: divination: detect items
   356 | D:1      | Gained mutation: You are partially covered in thin metallic scales (AC +2). [demonic ancestry]
   356 | D:1      | Reached XP level 2. HP: 12/22 MP: 2/2
   451 | D:1      | XOM: harmless Trmt miscast
   693 | D:1      | XOM: scenery: 1 doors open
  1343 | D:2      | Gained mutation: You have a pair of small antennae on your head. [demonic ancestry]
  1343 | D:2      | Reached XP level 3. HP: 25/28 MP: 3/3
  1419 | D:2      | Slain by a worm

Action                   || total
-------------------------++-------
Melee: Spear             ||   119
 Stab: Petrified         ||     1
